 Dungeon Crawl Stone Soup version 0.13-b1-41-gf166b9b (webtiles) character file.

1994 MirrMurr the Covert (level 8, 0/36 HPs)
             Began as a Spriggan Enchanter on Oct 8, 2013.
             Slain by an orc
             ... wielding a -1,+1 orcish flail
              (9 damage)
             ... on Level 6 of the Dungeon.
             The game lasted 00:28:13 (9075 turns).

MirrMurr the Covert (Spriggan Enchanter)            Turns: 9075, Time: 00:28:13

HP   0/36        AC  3     Str  6      XL: 8   Next: 69%
MP  14/23        EV 18     Int 16      God:
Gold 326         SH  0     Dex 17      Spells:  3 memorised, 11 levels left

Res.Fire  : . . .   See Invis. : +   a - +1 dagger {=f}
Res.Cold  : + . .   Warding    : +   b - +1 robe
Life Prot.: + . .   Conserve   : .   (shield restricted)
Res.Poison: .       Res.Corr.  : .   (helmet restricted)
Res.Elec. : .       Clarity    : .   (no cloak)
Sust.Abil.: . .     Spirit.Shd : .   (gloves unavailable)
Res.Mut.  : .       Stasis     : .   (boots unavailable)
Res.Rott. : .       Flight     : .   H - amulet of warding
Saprovore : . . .                    (no ring)
                                     k - ring of protection from cold

@: very slightly contaminated, very quick, somewhat resistant to hostile
enchantments, extremely stealthy
A: unfitting armour, see invisible, herbivore 3, speed 3, slow metabolism 2
a: no special abilities


You were on level 6 of the Dungeon.
You were full.

You visited 1 branch of the dungeon, and saw 6 of its levels.

You collected 306 gold pieces.

Inventory:

Hand weapons
 a - a +1,+1 dagger (weapon) {=f}
 w - a +0,+0 dagger of returning (quivered)
Missiles
 d - 12 darts
Armour
 b - a +1 robe (worn)
Magical devices
 u - a wand of polymorph (3) {unknown}
 z - a wand of teleportation (2) {unknown}
 C - a wand of fireball (5) {unknown}
Comestibles
 j - 4 bread rations
 t - a choko
Scrolls
 g - 7 scrolls of remove curse {unknown}
 l - 2 scrolls of blinking {unknown}
 n - a scroll of noise {unknown}
 o - a scroll of teleportation {unknown}
 p - a scroll of enchant weapon I {unknown}
 q - 3 scrolls of enchant weapon II {unknown}
 r - 3 scrolls of fog
 v - 2 scrolls of curse armour {unknown}
 x - 3 scrolls of curse weapon {unknown}
 y - 2 scrolls of random uselessness {unknown}
 A - a scroll of amnesia {unknown}
 B - a scroll of curse jewellery {unknown}
 F - a scroll of recharging {unknown}
Jewellery
 k - a ring of protection from cold (left hand)
 H - an amulet of warding (around neck)
Potions
 e - 2 potions of porridge
 f - a potion of invisibility {unknown}
 i - 2 potions of agility
 m - 2 potions of curing
 s - a potion of resistance {unknown}
 D - a potion of confusion {unknown}
 E - a potion of restore abilities {unknown}
 G - a potion of flight {unknown}
Books
 c - a book of Maledictions

   Spells                             Type                      Level
   *Corona                            Hexes                        1
   Sure Blade                         Hexes/Charms                 2
   *Ensorcelled Hibernation           Hexes/Ice                    2
   *Confuse                           Hexes                        3
   Enslavement                        Hexes                        4
   Invisibility                       Hexes                        6


   Skills:
 - Level 6.0 Short Blades
 - Level 1.1 Throwing
 - Level 3.0 Dodging
 + Level 11.4 Stealth
 + Level 5.3 Spellcasting
 * Level 6.4 Hexes


You had 11 spell levels left.
You knew the following spells:

 Your Spells              Type           Power        Failure   Level  Hunger
a - Ensorcelled Hibernat  Hex/Ice        ##....       8%          2    #......
b - Confuse               Hex            ###.....     3%          3    ###....
Z - Corona                Hex            ###....      1%          1    None


Dungeon Overview and Level Annotations

Branches:
Dungeon (6/27)
 Temple: D:4-7          Orc: D:6-11

Altars:
Fedhas
Trog

Annotations:
D:2 Sigmund
D:5 Dowan


Innate Abilities, Weirdness & Mutations

You are tiny and cannot use many weapons and most armour.
You have supernaturally acute eyesight.
You are a herbivore.
You cover ground extremely quickly.
You need consume almost no food.


Message History

The helpless orc fails to defend itself.
You slice the orc like a ripe choko!!!
You kill the orc!
The orc closely misses you.
Casting: Ensorcelled Hibernation
Confirm with . or Enter, or press ? or * to list all spells.
Aiming: Ensorcelled Hibernation
Press: ? - help, Shift-Dir - straight line, f - orc
Aim: an orc, wielding an orcish club (lightly wounded)
You miscast Ensorcelled Hibernation.
You are very lightly contaminated with residual magic.
You feel a strange surge of energy! The orc barely misses you.
The orc barely misses you.
Casting: Ensorcelled Hibernation
Confirm with . or Enter, or press ? or * to list all spells.
Aiming: Ensorcelled Hibernation
Press: ? - help, Shift-Dir - straight line, f - orc, p - orc
Aim: an orc, wielding an orcish flail and wearing an orcish leather armour The orc resists with some effort.
The orc hits you with an orcish flail!
You die...

..................#.....#.....#.#
.........................#.......
..................#.#...###...#.#
..................).....##...###.
...............#.........#...#(..
.................................
...........................#.....
#..............))o......(........
................@o....##.........
.................................
.................................
.................................
..................#..............
.........................#.......
...............................).
......o....<.....................
................#....g...........


You could see 2 orcs.

Vanquished Creatures
  3 giant goldfish (D:6)
  A phantom (D:4)
  An ogre (D:5)
  Duvessa (D:5)
  A giant frog (D:6)
  2 centaurs
  Blork the orc (D:5)
  2 jellies (D:5)
  3 jellyfish (D:6)
  2 crimson imps
  A hound (D:5)
  2 big fish (D:6)
  An iguana (D:4)
  2 orc wizards (D:6)
  A scorpion (D:6)
  5 worker ants
  Ijyb (D:5)
  An ogre skeleton (D:4)
  A hound skeleton (D:6)
  9 adders
  A giant mite (D:3)
  3 worms
  A scorpion zombie (D:6)
  An adder skeleton (D:4)
  A giant eyeball (D:4)
  5 giant geckos
  22 orcs
  8 giant cockroaches
  6 goblins
  13 hobgoblins
  8 jackals
  5 quokkas
  A ball python (D:4)
  5 bats
  5 giant newts
  A goblin skeleton (D:5)
  A hobgoblin zombie (D:6)
  14 kobolds
  A kobold skeleton (D:4)
  An orc skeleton (D:4)
  12 rats
156 creatures vanquished.

Notes
Turn   | Place    | Note
--------------------------------------------------------------
     0 | D:1      | MirrMurr, the Spriggan Enchanter, began the quest for the Orb.
     0 | D:1      | Reached XP level 1. HP: 9/9 MP: 4/4
   481 | D:1      | Reached skill level 4 in Stealth
   514 | D:1      | Reached XP level 2. HP: 5/13 MP: 6/6
   518 | D:1      | Learned a level 2 spell: Ensorcelled Hibernation
  1897 | D:1      | Reached skill level 5 in Stealth
  2122 | D:2      | Reached XP level 3. HP: 12/16 MP: 9/9
  2273 | D:2      | Reached skill level 6 in Stealth
  2358 | D:2      | Noticed Sigmund
  2479 | D:1      | Reached XP level 4. HP: 10/21 MP: 1/11
  3336 | D:3      | Found a blossoming altar of Fedhas.
  3430 | D:3      | Reached skill level 7 in Stealth
  3684 | D:3      | HP: 1/21 [orc/orcish dagger (7)]
  4002 | D:3      | Reached XP level 5. HP: 24/24 MP: 5/13
  4009 | D:3      | Learned a level 3 spell: Confuse
  4339 | D:4      | Gained mutation: Your body is slowly deteriorating. [potion of mutation]
  4339 | D:4      | Gained mutation: Your mind is acute. (Int +2) [potion of mutation]
  4339 | D:4      | Lost mutation: Your mind is acute. (Int +2) [potion of mutation]
  4340 | D:4      | Lost mutation: Your body is slowly deteriorating. [potion of cure mutation]
  4371 | D:4      | Noticed a phantom
  4497 | D:4      | Killed a phantom
  4497 | D:4      | Reached skill level 8 in Stealth
  4699 | D:4      | Reached XP level 6. HP: 28/28 MP: 13/16
  5452 | D:4      | Reached skill level 9 in Stealth
  5608 | D:5      | Entered Level 5 of the Dungeon
  5608 | D:5      | Noticed Duvessa
  5608 | D:5      | Noticed Dowan
  5609 | D:5      | Killed Duvessa
  5893 | D:5      | Noticed Blork the orc
  5895 | D:5      | Killed Blork the orc
  5895 | D:5      | Reached XP level 7. HP: 32/32 MP: 15/19
  5941 | D:5      | Found a bloodstained altar of Trog.
  6169 | D:5      | Noticed Ijyb
  6174 | D:5      | Killed Ijyb
  6174 | D:5      | Reached skill level 5 in Short Blades
  6422 | D:5      | Reached skill level 10 in Stealth
  7787 | D:6      | Reached XP level 8. HP: 30/36 MP: 22/22
  8053 | D:6      | Reached skill level 11 in Stealth
  8053 | D:6      | Reached skill level 5 in Hexes
  8361 | D:6      | Reached skill level 5 in Spellcasting
  9075 | D:6      | Slain by an orc

Action                   |  1- 3 |  4- 6 |  7- 9 || total
-------------------------+-------+-------+-------++-------
Melee: Dagger            |   154 |   222 |   124 ||   500
 Cast: Ensorcelled Hiber |    12 |    43 |    82 ||   137
       Confuse           |       |     7 |     4 ||    11
  Use: Potion            |       |     7 |     1 ||     8
       Scroll            |       |     3 |     2 ||     5
 Stab: Sleeping          |     8 |    49 |    40 ||    97
       Distracted        |     1 |     2 |     1 ||     4
       Confused          |       |     4 |     1 ||     5
